 Dungeon Crawl Stone Soup version 0.29.1-15-g9cfb28693d (webtiles) character file.

Game seed: 16769379145578919524

544 KittyFluff the Cudgeller (level 7, -3/44 HPs)
             Began as a Gargoyle Berserker on Apr 18, 2023.
             Was a Priest of Trog.
             Slain by a hell rat (8 damage)
             ... on level 5 of the Dungeon.
             The game lasted 00:16:21 (3999 turns).

KittyFluff the Cudgeller (Gargoyle Berserker)       Turns: 3999, Time: 00:16:22

Health: -3/44      AC: 10    Str: 20    XL:     7   Next: 27%
Magic:  7/7        EV: 12    Int:  8    God:    Trog [***...]
Gold:   184        SH:  0    Dex: 11    Spells: 6/6 levels left

rFire   . . .      SeeInvis .   a - +0 mace
rCold   . . .      Faith    .   (no shield)
rNeg    + . .      Spirit   .   d - +0 leather armour
rPois   ∞          Reflect  .   (no helmet)
rElec   +          Harm     .   (no cloak)
rCorr   .          Rampage  .   j - +1 pair of gloves
Will    .....                   (no boots)
Stlth   +.........              e - amulet of regeneration
HPRegen 0.94/turn               (no ring)
MPRegen 0.10/turn               (no ring)

@: about to teleport
A: sickness immunity, AC +4, negative energy resistance 1, electricity
resistance, torment resistance 1, petrification resistance
a: Renounce Religion, Berserk, Trog's Hand


You were on level 5 of the Dungeon.
You worshipped Trog.
Trog was most pleased with you.
You visited 1 branch of the dungeon, and saw 5 of its levels.

You collected 184 gold pieces.

Inventory:

Hand Weapons
 a - a +0 mace (weapon)
 p - a +0 lajatang
 r - a +0 sling
 v - the +7 spear "Zixiec" {holy, Dex+2}
   (You found it on level 4 of the Dungeon)

   It has been blessed by the Shining One to cause great damage to the undead
   and demons.
   Dex:       It affects your dexterity (+2).
Missiles
 f - 3 poisoned darts
 h - 23 stones (quivered)
Armour
 d - a +0 leather armour (worn)
 j - a +1 pair of gloves (worn)
Jewellery
 e - an amulet of regeneration (around neck)
 k - a ring of ice
Scrolls
 b - 2 scrolls of poison {unknown}
 l - a scroll of blinking {unknown}
 m - a scroll of enchant armour {unknown}
 o - 3 scrolls of teleportation
 s - a scroll of noise {unknown}
 u - a scroll of amnesia {unknown}
 y - a scroll of brand weapon {unknown}
Potions
 c - 3 potions of attraction
 g - a potion of resistance
 i - a potion of haste {unknown}
 n - a potion of flight {unknown}
 q - a potion of might {unknown}
 t - 2 potions of lignification {unknown}
 w - a potion of cancellation {unknown}
 x - a potion of heal wounds {unknown}
 z - a potion of curing {unknown}


   Skills:
 + Level 4.3 Fighting
 + Level 5.8 Maces & Flails
 * Level 4.5 Armour
 + Level 2.8 Dodging
 + Level 1.0 Stealth


You had 6 spell levels left.
You didn't know any spells.
Your spell library was empty.

Dungeon Overview and Level Annotations

Branches:
Dungeon (5/15)
 Temple: D:4-7

Altars:
Cheibriados
Dithmenos
Elyvilon
Kikubaaqudgha
Sif Muna

Annotations:
D:3 Jessica


Innate Abilities, Weirdness & Mutations

You are immune to sickness and miasma.
Your stone body is resilient. (AC +4)
You are immune to poison.
You resist negative energy. (rN+)
You are resistant to electric shocks. (rElec)
You are resistant to unholy torment.
You are immune to petrification.


Message History

2 river rats come into view.
The river rat bites you.
The river rat moves out of view.
The river rat attacks as you move away! The river rat closely misses you.
The hell rat roars deafeningly!
You hear a deafening roar!
The river rat twitches its whiskers.
You hear a deafening roar!
You hear a deafening roar!
You barely miss the river rat.
The river rat bites you but does no damage.
You hit the river rat but do no damage. The river rat bites you.
You closely miss the river rat.
The river rat twitches its whiskers.
The river rat closely misses you.
You hit the river rat.
The river rat is heavily wounded.
You hit the hell rat.
The hell rat is lightly wounded.
The hell rat bites you!
You hit the hell rat but do no damage.
The hell rat is lightly wounded.
The hell rat twitches its whiskers.
The hell rat barely misses you.
You barely miss the hell rat.
The hell rat is lightly wounded.
The hell rat bites you!
A hell rat comes into view.
The hell rat bites you!
* * * LOW HITPOINT WARNING * * *
You hit the hell rat.
The hell rat is heavily wounded.
The hell rat misses you.
You hit the hell rat but do no damage.
The hell rat is heavily wounded.
The hell rat twitches its whiskers.
The hell rat bites you!
* * * LOW HITPOINT WARNING * * *
As you read the scroll labelled GAJ HIJOUDDO, it crumbles to dust.
You feel strangely unstable.
It was a scroll of teleportation.
The hell rat bites you!
You die...

#.#.......## .#
#.###.##.####
#...#########.
r..##.###.# ##.##
#..#..r ##†##.#
#.###### #.#.r
#.##.# #......# #..#
##.##.# ######.#
#r.# #.###.# #.#
#rr# ##.##.# #.#
#r## #.##..# #.#
#@## ##.######## #.#
##.# ##†##.......
#.#
#.####†##........
#.#
##†##.##.#######.
###.#######.#.##.#
#.
##.....#.>#.#.###[#
#.
##.........#####.#.#
#. #...≈~≈...##
#..#.# #.
#..≈≈~≈≈..# #..#.#
###.


You could see 2 hell rats and 2 river rats.

Vanquished Creatures
  Grinder (D:3)
  A necrophage (D:5)
  A hound (D:5)
  2 orc priests (D:5)
  5 adders
  6 river rats (D:5)
  2 ufetubi (D:5)
  5 dart slugs
  10 orcs
  7 bats
  6 endoplasms
  5 giant cockroaches
  7 goblins
  7 hobgoblins
  4 quokkas
  9 ball pythons
  2 frilled lizards
  A kobold (D:2)
  5 rats
86 creatures vanquished.

Notes
Turn   | Place    | Note
-------+----------+-------------------------------------------
     0 | D:1      | KittyFluff the Gargoyle Berserker began the quest for the
                  | Orb.
     0 | D:1      | Reached XP level 1. HP: 14/14 MP: 1/1
     6 | D:1      | Found a faded altar of an unknown god.
   253 | D:1      | Reached XP level 2. HP: 16/19 MP: 2/2
   872 | D:1      | Reached XP level 3. HP: 23/23 MP: 3/3
  1449 | D:2      | Reached ** piety under Trog
  1848 | D:3      | Reached skill level 4 in Maces & Flails
  1848 | D:3      | Reached XP level 4. HP: 29/29 MP: 4/4
  1937 | D:3      | Found a snail-covered altar of Cheibriados.
  1999 | D:3      | Noticed Grinder
  2019 | D:3      | Killed Grinder
  2020 | D:3      | Reached skill level 5 in Maces & Flails
  2020 | D:3      | Reached XP level 5. HP: 33/33 MP: 5/5
  2020 | D:3      | Reached XP level 6. HP: 38/38 MP: 6/6
  2067 | D:3      | Noticed Jessica
  2077 | D:3      | Found a shimmering blue altar of Sif Muna.
  2929 | D:4      | Identified the +7 spear "Zixiec" {holy, Dex+2}
  3107 | D:5      | Entered Level 5 of the Dungeon
  3374 | D:5      | Reached *** piety under Trog
  3388 | D:5      | Found a shadowy altar of Dithmenos.
  3400 | D:5      | Reached skill level 1 in Stealth
  3400 | D:5      | Reached XP level 7. HP: 42/44 MP: 7/7
  3431 | D:5      | Found an ancient bone altar of Kikubaaqudgha.
  3847 | D:5      | Found a white marble altar of Elyvilon.
  3999 | D:5      | Slain by a hell rat

Illustrated notes

Levels and vault maps discovered:
D:1:      wander_arrival_peaceful_grave, layout_loops_ring,
          hellmonk_ecumenical_altar_leap_of_faith
D:2:      layout_loops_corners
D:3:      layout_loops_cross, lemuel_tele_altar, tgw_sif, uniq_grinder
D:4:      layout_basic
D:5:      wander_guarded_unrand_ratskin, layout_loops_ring, elyvilon_altar_3,
          mainiacjoe_overflow_surrounded_room,
          mainiacjoe_overflow_six_doors_small, minmay_misc_feat_pillars,
          chequers_jeans, chequers_serial_rivers_micro_e

Skill      XL: |  1  2  3  4  5  6 |
---------------+-------------------+-----
Maces & Flails | 4 5 |  5.8
Fighting       | 4 |  4.3
Armour         | 3 4 |  4.5
Dodging        | 2 |  2.8
Stealth        | 1 |  1.0

Action                   |  1- 3 |  4- 6 |  7- 9 || total
-------------------------+-------+-------+-------++-------
Melee: Mace              |   115 |   159 |    59 ||   333
       Punch             |       |     2 |     2 ||     4
  Use: Scroll            |       |     3 |     1 ||     4
Armor: Animal skin       |     7 |       |       ||     7
       Leather armour    |    37 |    59 |    32 ||   128
Dodge: Dodged            |    72 |    87 |    45 ||   204
